 Dungeon Crawl Stone Soup version 0.30-a0-721-ga6a225cb13 (webtiles) character file.

Game seed: 15026946642007997065

73 gohu the Trooper (level 4, -3/41 HPs)
             Began as a Hill Orc Fighter on Jan 27, 2023.
             Slain by a gnoll
             ... wielding a +0 halberd
              (8 damage)
             ... on level 2 of the Dungeon.
             The game lasted 00:03:17 (2149 turns).

gohu the Trooper (Hill Orc Fighter)                 Turns: 2149, Time: 00:03:17

Health: -3/41      AC:  8    Str: 20    XL:     4   Next: 27%
Magic:  4/4        EV:  7    Int:  8    God:
Gold:   85         SH:  8    Dex: 10    Spells: 3/3 levels left

rFire   . . .      SeeInvis .    a - +0 flail
rCold   . . .      Faith    .    i - +0 kite shield
rNeg    . . .      Spirit   .    b - +0 scale mail
rPois   .          Reflect  .    (no helmet)
rElec   .          Harm     .    k - +0 cloak
rCorr   .          Rampage  .    (no gloves)
Will    .....                    (no boots) Stlth
                                 (no amulet)
HPRegen 0.26/turn                (no ring)
MPRegen 0.09/turn                (no ring)

@: no status effects
A: no striking features
a: no special abilities


You were on level 2 of the Dungeon.
You visited 1 branch of the dungeon, and saw 4 of its levels.

You collected 85 gold pieces.

Inventory:

Hand Weapons
 a - a +0 flail (weapon)
Armour
 b - a +0 scale mail (worn)
 c - a +0 buckler
 i - a +0 kite shield (worn)
 k - a +0 cloak (worn)
Scrolls
 e - a scroll of amnesia {unknown}
 g - 2 scrolls of identify {unknown}
 h - a scroll of blinking {unknown}
 j - a scroll of fear {unknown}
 m - a scroll of vulnerability {unknown}
 n - a scroll of noise {unknown}
 p - a scroll of immolation {unknown}
Potions
 d - a potion of might
 f - a potion of berserk rage {unknown}
 l - a potion of heal wounds {unknown}
 o - 2 potions of resistance {unknown}
 q - a potion of degeneration {unknown}


   Skills:
 * Level 4.4 Fighting
 * Level 3.5 Maces & Flails
 + Level 3.8 Armour
 + Level 3.5 Shields


You had 3 spell levels left.
You didn't know any spells.
Your spell library contained the following spells:

 Spells                   Type           Power      Damage    Failure   Level
 Cigotuvi's Dreadful Rot  Necr/Pois/Air  0%         N/A       99%         2
 Poisonous Vapours        Pois/Air       0%         N/A       99%         2
 Mephitic Cloud           Conj/Pois/Air  0%         N/A       100%        3


Dungeon Overview and Level Annotations

Branches:
Dungeon (4/15)
 Temple: D:4-7

Altars:
Nemelex Xobeh


Message History

You hit the gnoll.
The gnoll is lightly wounded.
You block the gnoll's attack. The gnoll barely misses you.
You closely miss the gnoll.
The gnoll is lightly wounded.
You block the gnoll's attack.
You sock the gnoll!
The gnoll is almost dead.
You block the gnoll's attack. The gnoll closely misses you.
You sock the gnoll!
You kill the gnoll!
No target in view!
Items here: )) ††.
There is a stone staircase leading up here.
You climb upwards.
There is a stone staircase leading down here.
HP restored.
There is a stone staircase leading down here.
A gnoll comes into view. It is wielding a +0 halberd.
The gnoll closely misses you.
A gnoll comes into view. It is wielding a +0 flail.
The gnoll shouts! x2
The gnoll barely misses you.
You closely miss the gnoll. The gnoll hits you with a +0 halberd!
You closely miss the gnoll. You block the gnoll's attack.
The gnoll hits you from afar with a +0 spear.
You thump the gnoll!
The gnoll is heavily wounded.
You block the gnoll's attack. The gnoll closely misses you.
The gnoll attacks as you move away! You block the gnoll's attack.
The gnoll hits you with a +0 spear.
The gnoll hits you from afar with a +0 halberd!
You barely miss the gnoll. The gnoll hits you with a +0 flail!
* * * LOW HITPOINT WARNING * * *
You block the gnoll's attack. x2
You hit the gnoll but do no damage. The gnoll hits you with a +0 flail.
* * * LOW HITPOINT WARNING * * *
You block the gnoll's attack.
The gnoll hits you from afar with a +0 halberd!
You die...

#.
#.#.#.#.......#.....#.........
....#.#..........##.#.#.######
...###.#.#.###.#..##.#.#.####
....
..........#.......#...'###
..g..
...........>###.#.#####...
.....
#.#g#####.#...........#.#.
.###.#.### #.#.###.#.#####...
.........# #g#.###.#.# ###.
...#...#.# #@#.....#.# #.
#.#...#.###g#.#####.# #.
...........g#.......# ##.
#.#...############### ... ..
#... .#. # #... # .. #...
.+### .. #.... ... #.#.#.#


You could see 3 gnolls.

Vanquished Creatures
  4 gnolls (D:3)
  2 dart slugs
  3 ball pythons
  3 endoplasms (D:1)
  3 giant cockroaches
  4 goblins (D:1)
  3 hobgoblins
  3 jackals (D:3)
  2 bats (D:1)
  2 frilled lizards
  2 rats (D:1)
31 creatures vanquished.

Notes
Turn   | Place    | Note
-------+----------+-------------------------------------------
     0 | D:1      | gohu the Hill Orc Fighter began the quest for the Orb.
     0 | D:1      | Reached XP level 1. HP: 19/19 MP: 1/1
   275 | D:1      | Reached XP level 2. HP: 26/27 MP: 2/2
   300 | D:1      | Reached skill level 4 in Fighting
  1237 | D:2      | Reached XP level 3. HP: 32/33 MP: 3/3
  1832 | D:3      | Found a sparkling altar of Nemelex Xobeh.
  2081 | D:3      | Reached XP level 4. HP: 35/41 MP: 4/4
  2149 | D:2      | Slain by a gnoll

Illustrated notes

Levels and vault maps discovered:
D:1:      evilmike_arrival_hilbert_curve, layout_basic, interstate_on_off
D:2:      layout_basic, grunt_ministairs_11, roderic_st_hans_cross,
          uniq_crazy_yiuf_cottage
D:3:      layout_basic, general_overflow_altar
D:4:      layout_basic, minmay_temple_entry_glass, uniq_pikel

Skill      XL: |  1  2  3 |
---------------+----------+-----
Fighting       | 4 |  4.4
Maces & Flails | 3 |  3.5
Armour         | |  3.8
Shields        | |  3.5

Action                     |  1- 3 |  4- 6 || total
---------------------------+-------+-------++-------
  Melee: Flail             |    83 |    10 ||    93
 Armour: Scale mail        |    23 |     1 ||    24
  Dodge: Dodged            |    26 |     5 ||    31
  Block: Buckler           |     3 |       ||     3
         Kite shield       |    18 |     9 ||    27

Table legend: (Time is in decaauts)
 A = Elapsed time spent in this place.
 B = Non-inter-level travel time spent in this place.
 C = Inter-level travel time spent in this place.
 D = Time resting spent in this place.
 E = Time spent auto-exploring this place.
 F = Levels seen in this place.
 G = Mean time per level.
                   A        B        C        D        E       F      G
               +--------+--------+--------+--------+--------+-----+--------+
         Total |   2187 |   2088 |     99 |     56 |   1622 |   4 |  546.8 |
       Dungeon |   2187 |   2088 |     99 |     56 |   1622 |   4 |  546.8 |
               +--------+--------+--------+--------+--------+-----+--------+

Top non-repeatable levels by time:
     D:1: 1112 daAuts
     D:3: 841 daAuts
     D:2: 223 daAuts
     D:4: 10 daAuts
